Kings vs Penguins

Created - Thursday, October 30, 2014 at 22:40

Goals
1 2 3 OT1 SO T
Kings 0 1 0 0 1 2
Penguins 0 1 0 0 0 1
Shots
1 2 3 OT1 SO T
Kings 7 9 9 2 4 27
Penguins 11 8 8 0 4 27

1st period

No Goal

Penalties :
David Legwand (Pit) for Hooking (Minor) at 3:30, Adam McQuaid (LA ) for Hooking (Minor) at 14:22

2nd period

1. Kings , Matt Cullen 1 (Duncan Keith) at 10:36
2. Penguins , Christian Ehrhoff 2 (Jarome Iginla, Patrick Sharp) at 10:56

Penalties :
Brenden Morrow (LA ) for Holding (Minor) at 11:27, Mark Giordano (Pit) for Interference (Minor) at 15:10

3rd period

No Goal

Penalties :
Ryan Johansen (LA ) for Hooking (Minor) at 0:32, Adam McQuaid (LA ) for Delaying the game (Minor) at 14:48

Overtime #1

No Goal

Penalties :
No Penalty

Shootout

Penalty Shot by Tyler Seguin for Kings - Shot Misses the Net
Penalty Shot by Patrick Sharp for Penguins - Stopped by Tuukka Rask
Penalty Shot by Vladislav Namestnikov for Kings - Stopped by Ryan Miller
Penalty Shot by Jarome Iginla for Penguins - Stopped by Tuukka Rask
Penalty Shot by Ryan Johansen for Kings - Stopped by Ryan Miller
Penalty Shot by Nathan MacKinnon for Penguins - Shot Misses the Net
Penalty Shot by Milan Lucic for Kings - Goal!
Penalty Shot by Vladimir Tarasenko for Penguins - Stopped by Tuukka Rask

Penalties :
No Penalty

Goalie Stats

Tuukka Rask (LA ), 26 saves from 27 shots - (0.963), W, 9-1-0, 65:00 minutes
Ryan Miller (Pit), 26 saves from 27 shots - (0.963), OTL, 4-0-4, 65:00 minutes

Players Stats for Kings

Player Name              G  A  P  +/- PIM S  H  SB GA TA FO     MP     PP MP  PK MP  
------------------------------------------------------------------------------------
Adam McQuaid             0  0  0   1  4   3  2  0  1  3  0/0    19:01   1:28   0:00 
Brandon McMillan         0  0  0   0  0   0  0  0  0  0  0/0     2:07   0:00   0:00 
Brenden Morrow           0  0  0   1  2   1  3  0  2  0  1/1    17:13   0:00   1:04 
Cam Fowler               0  0  0  -1  0   3  1  3  1  5  0/0    29:57   1:53   4:41 
Carl Soderberg           0  0  0   0  0   3  2  0  3  0  1/1    18:16   2:05   1:07 
Duncan Keith             0  1  1   1  0   3  1  1  0  4  0/0    23:51   0:00   3:15 
Henrik Tallinder         0  0  0   0  0   0  0  1  1  0  0/0     5:53   0:37   0:00 
John Erskine             0  0  0   0  0   0  0  0  0  0  0/0     0:36   0:00   0:00 
Keith Yandle             0  0  0  -1  0   0  0  4  0  0  0/0    27:13   1:53   4:41 
Ladislav Smid            0  0  0   0  0   0  3  1  1  2  0/0    23:36   2:05   3:15 
Matt Cullen              1  0  1   1  0   4  2  0  1  0  0/0    14:18   0:00   0:00 
Mika Zibanejad           0  0  0  -1  0   1  1  0  3  0  0/0    23:24   1:53   5:47 
Milan Lucic              0  0  0  -1  0   2  2  1  0  0  0/2    19:27   1:53   1:05 
Ryan Johansen            0  0  0   0  2   4  1  0  3  0  4/7    23:24   2:05   2:10 
Ryan Malone              0  0  0   0  0   0  0  0  0  0  0/1     6:08   0:00   0:00 
Tomas Kopecky            0  0  0   0  0   0  0  0  0  0  1/7    12:51   0:00   0:00 
Tyler Seguin             0  0  0  -1  0   3  0  0  6  0  9/21   26:25   1:53   4:39 
Vladislav Namestnikov    0  0  0   1  0   0  0  0  0  0  3/18   18:15   2:05   0:00 

Players Stats for Penguins

Player Name              G  A  P  +/- PIM S  H  SB GA TA FO     MP     PP MP  PK MP  
------------------------------------------------------------------------------------
Anton Volchenkov         0  0  0   1  0   1  1  1  0  1  0/0    20:50   0:00   2:47 
Chris Butler             0  0  0   0  0   2  1  0  1  1  0/0    14:33   0:00   1:11 
Chris Kelly              0  0  0   0  0   0  1  0  1  0  1/1    13:07   0:00   3:08 
Christian Ehrhoff        1  0  1   1  0   3  0  1  0  4  0/0    22:09   3:54   0:00 
Cody Ceci                0  0  0   0  0   2  0  1  0  0  0/0    17:57   4:02   0:54 
Dan Hamhuis              0  0  0  -1  0   2  2  1  0  1  0/0    28:17   4:02   2:47 
David Legwand            0  0  0  -1  2   1  1  0  2  0  8/9    17:20   3:55   0:00 
Elias Lindholm           0  0  0   0  0   6  1  2  1  0  0/0    11:37   0:00   0:00 
Jarome Iginla            0  1  1   1  0   0  1  0  1  1  0/0    19:46   3:55   0:31 
Marcus Foligno           0  0  0   0  0   1  1  0  2  0  1/1    10:06   0:00   0:50 
Mark Giordano            0  0  0  -1  2   0  4  1  1  2  0/0    26:54   3:54   0:17 
Mikael Granlund          0  0  0   1  0   1  1  1  2  0  14/23  20:55   4:01   0:00 
Nail Yakupov             0  0  0   0  0   1  2  0  2  0  0/0    12:46   0:00   0:00 
Nate Thompson            0  0  0   0  0   0  0  0  0  0  5/7     9:14   0:00   0:41 
Nathan MacKinnon         0  0  0  -1  0   2  1  0  4  1  1/1    17:48   3:55   0:00 
Patrick Sharp            0  1  1   1  0   2  2  2  1  0  0/1    20:55   4:01   0:00 
Paul Gaustad             0  0  0   0  0   0  1  0  1  1  7/13   14:23   0:00   2:46 
Vladimir Tarasenko       0  0  0  -1  0   3  1  0  0  1  2/2    17:18   4:01   0:00 

3 Stars

1 - Ryan Miller (Pit)
2 - Tuukka Rask (LA )
3 - Matt Cullen (LA )

Power Play

Kings - 0 on 2 Attempt(s) - 0.00%
Penguins - 0 on 4 Attempt(s) - 0.00%

Penalty Kill

Kings - 4 on 4 Attempt(s) - 100.00% - Score 0 goal in Penalty Kill
Penguins - 2 on 2 Attempt(s) - 100.00% - Score 0 goal in Penalty Kill

Official

Referees : Unknown
Linesman : Unknown

Game Notes

Henrik Tallinder is injured at 1:11 of 2nd period (Right Forearm)

Finance

Level 1 -- Attendance: 6000 (100.00%) -- Ticket Income $534,000
Level 2 -- Attendance: 5000 (100.00%) -- Ticket Income $270,000
Level 3 -- Attendance: 2000 (100.00%) -- Ticket Income $58,000
Level 4 -- Attendance: 3605 (90.13%) -- Ticket Income $61,285
Luxury Box -- Attendance: 729 (72.90%) -- Ticket Income $133,407
Game was played at the Consol Energy Center
Total Attendance: 17334 (96.30%)
Total Ticket Income: $1,056,692
Other Income: $517,779
Total Income: $1,574,471

Kings

5 vs 5 Forward 
   Center                   Left Wing                Right Wing               Time % Phy DF OF 
 1 Tyler Seguin             Milan Lucic              Mika Zibanejad           35     1   2  2  
 2 Tomas Kopecky            Carl Soderberg           Ryan Johansen            30     1   2  2  
 3 Ryan Johansen            Ryan Malone              Tyler Seguin             22     1   2  2  
 4 Vladislav Namestnikov    Matt Cullen              Brenden Morrow           13     1   2  2  

5 vs 5 Defense 
   Defense                  Defense                                           Time % Phy DF OF 
 1 Cam Fowler               Keith Yandle                                      35     1   2  2  
 2 Ladislav Smid            Duncan Keith                                      30     1   2  2  
 3 Henrik Tallinder         Adam McQuaid                                      22     1   2  2  
 4 Duncan Keith             Cam Fowler                                        13     1   2  2  

PowerPlay Forward 
   Center                   Left Wing                Right Wing               Time % Phy DF OF 
 1 Tyler Seguin             Milan Lucic              Mika Zibanejad           60     1   2  2  
 2 Vladislav Namestnikov    Carl Soderberg           Ryan Johansen            40     1   2  2  

PowerPlay Defense
   Defense                  Defense                                           Time % Phy DF OF 
 1 Cam Fowler               Keith Yandle                                      60     1   2  2  
 2 Ladislav Smid            Henrik Tallinder                                  40     1   2  2  

Penalty Kill 4 Players Forward 
   Center                   Wing                     Time % Phy DF OF 
 1 Tyler Seguin             Mika Zibanejad           60     1   2  2  
 2 Ryan Johansen            Milan Lucic              40     1   2  2  

Penalty Kill 4 Players Defense
   Defense                  Defense                  Time % Phy DF OF 
 1 Cam Fowler               Keith Yandle             60     1   2  2  
 2 Ladislav Smid            Duncan Keith             40     1   2  2  

Penalty Kill - 3 Players Forward 
   Forward                                           Time % Phy DF OF 
 1 Tyler Seguin                                      60     1   2  2  
 2 Milan Lucic                                       40     1   2  2  

Penalty Kill - 3 Players Defense
   Defense                  Defense                  Time % Phy DF OF 
 1 Cam Fowler               Keith Yandle             60     1   2  2  
 2 Ladislav Smid            Duncan Keith             40     1   2  2  

4 vs 4 Forward 
   Center                   Wing                     Time % Phy DF OF 
 1 Tyler Seguin             Mika Zibanejad           60     1   2  2  
 2 Ryan Johansen            Milan Lucic              40     1   2  2  

4 vs 4 Defense
   Defense                  Defense                  Time % Phy DF OF 
 1 Cam Fowler               Keith Yandle             60     1   2  2  
 2 Ladislav Smid            Henrik Tallinder         40     1   2  2  

Last Minutes Offensive
   Center                   Left Wing                Right Wing               Defense                  Defense                  
   Tyler Seguin             Milan Lucic              Mika Zibanejad           Cam Fowler               Keith Yandle             

Last Minutes Defensive
   Center                   Left Wing                Right Wing               Defense                  Defense                  
   Tyler Seguin             Milan Lucic              Mika Zibanejad           Cam Fowler               Keith Yandle             

Goaltenders
Starting : Tuukka Rask              
Backup : Jonas Gustavsson         

Extra Forwards
Normal : Milan Lucic, Vladislav Namestnikov, Tyler Seguin - PP : Tyler Seguin, Vladislav Namestnikov - PK : Tyler Seguin
Extra Defensemen
Normal : Henrik Tallinder, Cam Fowler, Keith Yandle - PP : Henrik Tallinder - PK : Keith Yandle, Cam Fowler
Penalty Shots
Tyler Seguin, Vladislav Namestnikov, Ryan Johansen, Milan Lucic, Mika Zibanejad

Penguins

5 vs 5 Forward 
   Center                   Left Wing                Right Wing               Time % Phy DF OF 
 1 Mikael Granlund          Patrick Sharp            Jarome Iginla            35     1   2  2  
 2 David Legwand            Vladimir Tarasenko       Nathan MacKinnon         30     1   2  2  
 3 Paul Gaustad             Nail Yakupov             Elias Lindholm           22     1   2  2  
 4 Nate Thompson            Chris Kelly              Marcus Foligno           13     1   2  2  

5 vs 5 Defense 
   Defense                  Defense                                           Time % Phy DF OF 
 1 Mark Giordano            Dan Hamhuis                                       40     1   2  2  
 2 Anton Volchenkov         Christian Ehrhoff                                 35     1   2  2  
 3 Chris Butler             Cody Ceci                                         20     1   2  2  
 4 Chris Butler             Cody Ceci                                         5      1   2  2  

PowerPlay Forward 
   Center                   Left Wing                Right Wing               Time % Phy DF OF 
 1 Mikael Granlund          Patrick Sharp            Vladimir Tarasenko       60     1   1  3  
 2 David Legwand            Jarome Iginla            Nathan MacKinnon         40     1   1  3  

PowerPlay Defense
   Defense                  Defense                                           Time % Phy DF OF 
 1 Mark Giordano            Christian Ehrhoff                                 60     1   1  3  
 2 Dan Hamhuis              Cody Ceci                                         40     1   1  3  

Penalty Kill 4 Players Forward 
   Center                   Wing                     Time % Phy DF OF 
 1 Paul Gaustad             Chris Kelly              60     1   3  1  
 2 Nate Thompson            Marcus Foligno           40     1   3  1  

Penalty Kill 4 Players Defense
   Defense                  Defense                  Time % Phy DF OF 
 1 Anton Volchenkov         Dan Hamhuis              60     1   3  1  
 2 Chris Butler             Mark Giordano            40     1   3  1  

Penalty Kill - 3 Players Forward 
   Forward                                           Time % Phy DF OF 
 1 Paul Gaustad                                      60     1   3  1  
 2 Nate Thompson                                     40     1   3  1  

Penalty Kill - 3 Players Defense
   Defense                  Defense                  Time % Phy DF OF 
 1 Anton Volchenkov         Dan Hamhuis              60     1   3  1  
 2 Chris Butler             Mark Giordano            40     1   3  1  

4 vs 4 Forward 
   Center                   Wing                     Time % Phy DF OF 
 1 Mikael Granlund          Patrick Sharp            60     1   2  2  
 2 David Legwand            Jarome Iginla            40     1   2  2  

4 vs 4 Defense
   Defense                  Defense                  Time % Phy DF OF 
 1 Mark Giordano            Dan Hamhuis              60     1   2  2  
 2 Christian Ehrhoff        Anton Volchenkov         40     1   2  2  

Last Minutes Offensive
   Center                   Left Wing                Right Wing               Defense                  Defense                  
   Mikael Granlund          Patrick Sharp            Jarome Iginla            Mark Giordano            Dan Hamhuis              

Last Minutes Defensive
   Center                   Left Wing                Right Wing               Defense                  Defense                  
   Mikael Granlund          Patrick Sharp            Jarome Iginla            Mark Giordano            Dan Hamhuis              

Goaltenders
Starting : Ryan Miller              
Backup : Alex Stalock             

Extra Forwards
Normal : Nathan MacKinnon, Nail Yakupov, Marcus Foligno - PP : Nathan MacKinnon, Nail Yakupov - PK : Jarome Iginla
Extra Defensemen
Normal : Cody Ceci, Mark Giordano, Christian Ehrhoff - PP : Cody Ceci - PK : Cody Ceci, Christian Ehrhoff
Penalty Shots
Patrick Sharp, Jarome Iginla, Nathan MacKinnon, Vladimir Tarasenko, David Legwand

% Time on Ice - Kings

Lines # - Real PCT - Wanted PCT - Time Play
Normal Forward
1 - 29% - 35% - 13:45
2 - 29% - 30% - 13:54
3 - 13% - 22% - 6:08
4 - 30% - 13% - 14:19
Normal Defense
1 - 30% - 35% - 14:25
2 - 33% - 30% - 15:40
3 - 34% - 22% - 16:27
4 - 3% - 13% - 1:34
PP Forward
1 - 47% - 60% - 1:53
2 - 53% - 40% - 2:05
PP Defense
1 - 47% - 60% - 1:53
2 - 53% - 40% - 2:05
PK Forward
1 - 86% - 60% - 6:51
2 - 14% - 40% - 1:05
PK Defense
1 - 59% - 60% - 4:41
2 - 41% - 40% - 3:15
PK3 Forward
1 - 0% - 60%
2 - 0% - 40%
PK3 Defense
1 - 0% - 60%
2 - 0% - 40%
44 Forward
1 - 100% - 60% - 5:00
2 - 0% - 40% - 0:00
44 Defense
1 - 46% - 60% - 2:19
2 - 54% - 40% - 2:41
Last Minute Offensive  - 0:00
Last Minute Defensive  - 0:00
Total
Forward - 65:00
Defense - 65:00

% Time on Ice - Penguins

Lines # - Real PCT - Wanted PCT - Time Play
Normal Forward
1 - 32% - 35% - 15:11
2 - 27% - 30% - 12:45
3 - 24% - 22% - 11:37
4 - 18% - 13% - 8:33
Normal Defense
1 - 39% - 40% - 18:53
2 - 35% - 35% - 16:48
3 - 22% - 20% - 10:33
4 - 4% - 5% - 1:52
PP Forward
1 - 51% - 60% - 4:01
2 - 49% - 40% - 3:55
PP Defense
1 - 49% - 60% - 3:54
2 - 51% - 40% - 4:02
PK Forward
1 - 83% - 60% - 3:17
2 - 17% - 40% - 0:41
PK Defense
1 - 70% - 60% - 2:47
2 - 30% - 40% - 1:11
PK3 Forward
1 - 0% - 60%
2 - 0% - 40%
PK3 Defense
1 - 0% - 60%
2 - 0% - 40%
44 Forward
1 - 86% - 60% - 4:18
2 - 14% - 40% - 0:42
44 Defense
1 - 58% - 60% - 2:53
2 - 42% - 40% - 2:07
Last Minute Offensive  - 0:00
Last Minute Defensive  - 0:00
Total
Forward - 65:00
Defense - 65:00

Play by Play

1st period


0:01 of 1st period - Mikael Granlund wins face-off versus Tyler Seguin in neutral zone.
0:03 of 1st period - Off-side.
0:04 of 1st period - Tyler Seguin wins face-off versus Mikael Granlund in neutral zone.
0:29 of 1st period - Wrist shot by Jarome Iginla.
0:29 of 1st period - Shot Blocked by Keith Yandle.
1:05 of 1st period - Tomas Kopecky is hit by Vladimir Tarasenko and loses puck.
1:42 of 1st period - Icing by Adam McQuaid.
1:43 of 1st period - Vladislav Namestnikov wins face-off versus Paul Gaustad in Kings zone.
3:25 of 1st period - Snap shot by Tyler Seguin.
3:25 of 1st period - Shot Misses the Net.
3:27 of 1st period - Slapshot by Duncan Keith.
3:27 of 1st period - Deflect By Tyler Seguin.
3:27 of 1st period - Shot Misses the Net.
3:27 of 1st period - Puck is out of play.
3:28 of 1st period - David Legwand wins face-off versus Tyler Seguin in Penguins zone.
3:30 of 1st period - Minor Penalty to David Legwand for Hooking.
3:31 of 1st period - Paul Gaustad wins face-off versus Vladislav Namestnikov in Penguins zone.
3:31 of 1st period - Paul Gaustad is hit by Carl Soderberg.
3:50 of 1st period - Snap shot by Ryan Johansen.
3:50 of 1st period - Deflect By Dan Hamhuis.
3:50 of 1st period - Shot Misses the Net.
3:50 of 1st period - Puck is out of play.
3:51 of 1st period - Vladislav Namestnikov wins face-off versus Paul Gaustad in Penguins zone.
4:04 of 1st period - Wrist shot by Carl Soderberg.
4:04 of 1st period - Shot Misses the Net.
4:06 of 1st period - Snap shot by Vladislav Namestnikov.
4:06 of 1st period - Shot Misses the Net.
4:51 of 1st period - Anton Volchenkov is hit by Carl Soderberg and loses puck.
5:10 of 1st period - Snap shot by Tyler Seguin.
5:10 of 1st period - Shot Misses the Net.
5:12 of 1st period - Slapshot by Milan Lucic.
5:12 of 1st period - Stopped by Ryan Miller without a rebound.
5:13 of 1st period - Paul Gaustad wins face-off versus Tyler Seguin in Penguins zone.
5:30 of 1st period - Penalty to David Legwand is over, David Legwand is back on ice.
6:23 of 1st period - Henrik Tallinder is hit by Mark Giordano and loses puck.
7:17 of 1st period - Snap shot by Nail Yakupov.
7:17 of 1st period - Shot Misses the Net.
7:30 of 1st period - Icing by Duncan Keith.
7:31 of 1st period - Nate Thompson wins face-off versus Tomas Kopecky in Kings zone.
7:36 of 1st period - Wrist shot by Marcus Foligno.
7:36 of 1st period - Shot Blocked by Duncan Keith.
7:38 of 1st period - Snap shot by Christian Ehrhoff.
7:38 of 1st period - Deflect By Marcus Foligno.
7:38 of 1st period - Deflect By Duncan Keith.
7:38 of 1st period - Stopped by Tuukka Rask with a rebound.
7:40 of 1st period - Slapshot by Christian Ehrhoff.
7:40 of 1st period - Stopped by Tuukka Rask with a rebound.
8:16 of 1st period - Duncan Keith is hit by Nathan MacKinnon and loses puck.
8:42 of 1st period - Icing by Chris Butler.
8:43 of 1st period - David Legwand wins face-off versus Vladislav Namestnikov in Penguins zone.
8:43 of 1st period - David Legwand is hit by Brenden Morrow.
8:51 of 1st period - Snap shot by Nathan MacKinnon.
8:51 of 1st period - Stopped by Tuukka Rask with a rebound.
8:59 of 1st period - Wrist shot by Brenden Morrow.
8:59 of 1st period - Deflect By Vladislav Namestnikov.
8:59 of 1st period - Shot Blocked by Cody Ceci.
8:59 of 1st period - Puck is out of play.
9:00 of 1st period - Mikael Granlund wins face-off versus Tyler Seguin in Penguins zone.
9:09 of 1st period - Wrist shot by Jarome Iginla.
9:09 of 1st period - Shot Blocked by Milan Lucic.
9:50 of 1st period - Snap shot by Brenden Morrow.
9:50 of 1st period - Stopped by Ryan Miller without a rebound.
9:51 of 1st period - Paul Gaustad wins face-off versus Vladislav Namestnikov in Penguins zone.
10:16 of 1st period - Wrist shot by Elias Lindholm.
10:16 of 1st period - Shot Misses the Net.
10:47 of 1st period - Milan Lucic is hit by Anton Volchenkov and loses puck.
11:22 of 1st period - Slapshot by Cam Fowler.
11:22 of 1st period - Shot Blocked by Anton Volchenkov.
13:02 of 1st period - Keith Yandle is hit by Mark Giordano and loses puck.
13:25 of 1st period - Keith Yandle is hit by Mark Giordano and loses puck.
13:49 of 1st period - Wrist shot by Elias Lindholm.
13:49 of 1st period - Stopped by Tuukka Rask with a rebound.
13:51 of 1st period - Slapshot by Chris Butler.
13:51 of 1st period - Stopped by Tuukka Rask with a rebound.
14:22 of 1st period - Minor Penalty to Adam McQuaid for Hooking.
14:23 of 1st period - Mikael Granlund wins face-off versus Tyler Seguin in Kings zone.
15:05 of 1st period - Slapshot by Ryan Johansen.
15:05 of 1st period - Stopped by Ryan Miller with a rebound.
15:07 of 1st period - Snap shot by Ryan Johansen.
15:07 of 1st period - Stopped by Ryan Miller with a rebound.
15:09 of 1st period - Slapshot by Mika Zibanejad.
15:09 of 1st period - Stopped by Ryan Miller with a rebound.
15:33 of 1st period - Slapshot by Patrick Sharp.
15:33 of 1st period - Shot Misses the Net.
15:35 of 1st period - Slapshot by Mark Giordano.
15:35 of 1st period - Shot Misses the Net.
16:11 of 1st period - Jarome Iginla is hit by Duncan Keith.
16:22 of 1st period - Penalty to Adam McQuaid is over, Adam McQuaid is back on ice.
16:28 of 1st period - Slapshot by Mark Giordano.
16:28 of 1st period - Deflect By Patrick Sharp.
16:28 of 1st period - Stopped by Tuukka Rask without a rebound.
16:29 of 1st period - Mikael Granlund wins face-off versus Vladislav Namestnikov in Kings zone.
16:44 of 1st period - Snap shot by Elias Lindholm.
16:44 of 1st period - Stopped by Tuukka Rask with a rebound.
16:46 of 1st period - Slapshot by Chris Butler.
16:46 of 1st period - Deflect By Paul Gaustad.
16:46 of 1st period - Shot Misses the Net.
16:46 of 1st period - Puck is out of play.
16:47 of 1st period - Paul Gaustad wins face-off versus Vladislav Namestnikov in Kings zone.
16:52 of 1st period - Wrist shot by Nail Yakupov.
16:52 of 1st period - Deflect By Adam McQuaid.
16:52 of 1st period - Shot Misses the Net.
16:52 of 1st period - Puck is out of play.
16:53 of 1st period - Paul Gaustad wins face-off versus Tomas Kopecky in Kings zone.
16:54 of 1st period - Wrist shot by Nail Yakupov.
16:54 of 1st period - Deflect By Elias Lindholm.
16:54 of 1st period - Stopped by Tuukka Rask with a rebound.
16:56 of 1st period - Slapshot by Cody Ceci.
16:56 of 1st period - Stopped by Tuukka Rask with a rebound.
17:12 of 1st period - Backhand shot by Nail Yakupov.
17:12 of 1st period - Shot Misses the Net.
17:14 of 1st period - Slapshot by Cody Ceci.
17:14 of 1st period - Stopped by Tuukka Rask with a rebound.
17:16 of 1st period - Slapshot by Chris Butler.
17:16 of 1st period - Deflect By Nail Yakupov.
17:16 of 1st period - Shot Blocked by Cam Fowler.
17:16 of 1st period - Puck is out of play.
17:17 of 1st period - Nate Thompson wins face-off versus Vladislav Namestnikov in Kings zone.
17:40 of 1st period - Vladislav Namestnikov is hit by Marcus Foligno and loses puck.
17:56 of 1st period - Icing by Mark Giordano.
17:57 of 1st period - Nate Thompson wins face-off versus Tyler Seguin in Penguins zone.
18:12 of 1st period - Snap shot by Milan Lucic.
18:12 of 1st period - Stopped by Ryan Miller without a rebound.
18:13 of 1st period - Mikael Granlund wins face-off versus Ryan Johansen in Penguins zone.
18:22 of 1st period - Slapshot by Keith Yandle.
18:22 of 1st period - Deflect By Ryan Johansen.
18:22 of 1st period - Stopped by Ryan Miller with a rebound.
18:50 of 1st period - Wrist shot by Jarome Iginla.
18:50 of 1st period - Deflect By Patrick Sharp.
18:50 of 1st period - Shot Misses the Net.
18:50 of 1st period - Puck is out of play.
18:51 of 1st period - David Legwand wins face-off versus Tyler Seguin in Kings zone.
18:54 of 1st period - Backhand shot by Nathan MacKinnon.
18:54 of 1st period - Shot Misses the Net.
18:56 of 1st period - Snap shot by Dan Hamhuis.
18:56 of 1st period - Stopped by Tuukka Rask with a rebound.
18:58 of 1st period - Slapshot by Dan Hamhuis.
18:58 of 1st period - Shot Misses the Net.
19:00 of 1st period - Snap shot by Nathan MacKinnon.
19:00 of 1st period - Shot Blocked by Ladislav Smid.
19:02 of 1st period - Slapshot by Dan Hamhuis.
19:02 of 1st period - Deflect By Vladimir Tarasenko.
19:02 of 1st period - Shot Misses the Net.
19:02 of 1st period - Puck is out of play.
19:03 of 1st period - David Legwand wins face-off versus Tyler Seguin in Kings zone.
Goals for this period are 0 for Kings vs 0 for Penguins.
Shots for this period are 7 for Kings vs 11 for Penguins.

2nd period


0:01 of 2nd period - Ryan Johansen wins face-off versus Patrick Sharp in neutral zone.
0:38 of 2nd period - Off-side.
0:39 of 2nd period - David Legwand wins face-off versus Vladislav Namestnikov in neutral zone.
0:48 of 2nd period - Snap shot by Vladimir Tarasenko.
0:48 of 2nd period - Shot Misses the Net.
0:50 of 2nd period - Slapshot by Chris Butler.
0:50 of 2nd period - Stopped by Tuukka Rask without a rebound.
0:51 of 2nd period - Nathan MacKinnon wins face-off versus Vladislav Namestnikov in Kings zone.
1:11 of 2nd period - Slapshot by Nathan MacKinnon.
1:11 of 2nd period - Deflect By Vladimir Tarasenko.
1:11 of 2nd period - Shot Blocked by Henrik Tallinder.
1:11 of 2nd period - Henrik Tallinder from Kings is injured at 1:11 of 2nd period (Right Forearm).
1:12 of 2nd period - Mikael Granlund wins face-off versus Tyler Seguin in Kings zone.
1:15 of 2nd period - Slapshot by Mikael Granlund.
1:15 of 2nd period - Stopped by Tuukka Rask with a rebound.
2:02 of 2nd period - Slapshot by Ryan Johansen.
2:02 of 2nd period - Shot Blocked by Christian Ehrhoff.
2:10 of 2nd period - Slapshot by Carl Soderberg.
2:10 of 2nd period - Stopped by Ryan Miller without a rebound.
2:11 of 2nd period - Vladimir Tarasenko wins face-off versus Tomas Kopecky in Penguins zone.
2:30 of 2nd period - Slapshot by Carl Soderberg.
2:30 of 2nd period - Deflect By Tomas Kopecky.
2:30 of 2nd period - Shot Blocked by Mark Giordano.
2:30 of 2nd period - Puck is out of play.
2:31 of 2nd period - David Legwand wins face-off versus Vladislav Namestnikov in Penguins zone.
2:48 of 2nd period - Slapshot by Cam Fowler.
2:48 of 2nd period - Shot Misses the Net.
2:50 of 2nd period - Slapshot by Adam McQuaid.
2:50 of 2nd period - Stopped by Ryan Miller with a rebound.
2:52 of 2nd period - Slapshot by Cam Fowler.
2:52 of 2nd period - Shot Misses the Net.
2:54 of 2nd period - Slapshot by Adam McQuaid.
2:54 of 2nd period - Stopped by Ryan Miller with a rebound.
2:56 of 2nd period - Wrist shot by Matt Cullen.
2:56 of 2nd period - Stopped by Ryan Miller without a rebound.
2:57 of 2nd period - Ryan Johansen wins face-off versus Paul Gaustad in Penguins zone.
3:00 of 2nd period - Slapshot by Tyler Seguin.
3:00 of 2nd period - Shot Misses the Net.
3:02 of 2nd period - Wrist shot by Tyler Seguin.
3:02 of 2nd period - Shot Blocked by Elias Lindholm.
3:28 of 2nd period - Wrist shot by Tyler Seguin.
3:28 of 2nd period - Deflect By Chris Butler.
3:28 of 2nd period - Shot Misses the Net.
3:28 of 2nd period - Puck is out of play.
3:29 of 2nd period - Mikael Granlund wins face-off versus Vladislav Namestnikov in Penguins zone.
3:46 of 2nd period - Slapshot by Cam Fowler.
3:46 of 2nd period - Deflect By Mark Giordano.
3:46 of 2nd period - Stopped by Ryan Miller with a rebound.
4:00 of 2nd period - Slapshot by Cam Fowler.
4:00 of 2nd period - Stopped by Ryan Miller with a rebound.
4:46 of 2nd period - Duncan Keith is hit by Mark Giordano.
5:43 of 2nd period - Wrist shot by Elias Lindholm.
5:43 of 2nd period - Stopped by Tuukka Rask with a rebound.
5:50 of 2nd period - Icing by Adam McQuaid.
5:51 of 2nd period - Chris Kelly wins face-off versus Tomas Kopecky in Kings zone.
6:38 of 2nd period - Christian Ehrhoff is hit by Ladislav Smid and loses puck.
8:35 of 2nd period - Cody Ceci is hit by Matt Cullen.
9:57 of 2nd period - Duncan Keith is hit by Chris Kelly and loses puck.
10:20 of 2nd period - Wrist shot by Nathan MacKinnon.
10:20 of 2nd period - Shot Misses the Net.
10:36 of 2nd period - Backhand shot by Matt Cullen.
10:36 of 2nd period - Goal by Matt Cullen - Kings : 1 - Penguins : 0.
10:37 of 2nd period - Mikael Granlund wins face-off versus Milan Lucic in neutral zone.
10:40 of 2nd period - Snap shot by Jarome Iginla.
10:40 of 2nd period - Shot Blocked by Keith Yandle.
10:42 of 2nd period - Slapshot by Christian Ehrhoff.
10:42 of 2nd period - Stopped by Tuukka Rask without a rebound.
10:43 of 2nd period - Mikael Granlund wins face-off versus Tyler Seguin in Kings zone.
10:54 of 2nd period - Wrist shot by Jarome Iginla.
10:54 of 2nd period - Shot Misses the Net.
10:56 of 2nd period - Snap shot by Christian Ehrhoff.
10:56 of 2nd period - Goal by Christian Ehrhoff - Kings : 1 - Penguins : 1.
10:57 of 2nd period - Mikael Granlund wins face-off versus Vladislav Namestnikov in neutral zone.
11:06 of 2nd period - Snap shot by Jarome Iginla.
11:06 of 2nd period - Shot Blocked by Cam Fowler.
11:27 of 2nd period - Minor Penalty to Brenden Morrow for Holding.
11:28 of 2nd period - Tyler Seguin wins face-off versus Mikael Granlund in Kings zone.
11:34 of 2nd period - Snap shot by Mika Zibanejad.
11:34 of 2nd period - Shot Blocked by Mikael Granlund.
11:48 of 2nd period - Snap shot by Vladimir Tarasenko.
11:48 of 2nd period - Shot Misses the Net.
12:32 of 2nd period - Dan Hamhuis is hit by Cam Fowler and loses puck.
12:55 of 2nd period - Wrist shot by Vladimir Tarasenko.
12:55 of 2nd period - Stopped by Tuukka Rask without a rebound.
12:56 of 2nd period - Ryan Johansen wins face-off versus Mikael Granlund in Kings zone.
13:27 of 2nd period - Penalty to Brenden Morrow is over, Brenden Morrow is back on ice.
13:43 of 2nd period - Ladislav Smid is hit by Nail Yakupov and loses puck.
13:48 of 2nd period - Snap shot by Nail Yakupov.
13:48 of 2nd period - Stopped by Tuukka Rask without a rebound.
13:49 of 2nd period - Vladislav Namestnikov wins face-off versus Paul Gaustad in Kings zone.
14:03 of 2nd period - Snap shot by Elias Lindholm.
14:03 of 2nd period - Deflect By Keith Yandle.
14:03 of 2nd period - Shot Misses the Net.
14:03 of 2nd period - Puck is out of play.
14:04 of 2nd period - Nate Thompson wins face-off versus Vladislav Namestnikov in Kings zone.
14:21 of 2nd period - Backhand shot by Chris Kelly.
14:21 of 2nd period - Shot Misses the Net.
14:23 of 2nd period - Slapshot by Christian Ehrhoff.
14:23 of 2nd period - Shot Blocked by Keith Yandle.
14:25 of 2nd period - Slapshot by Christian Ehrhoff.
14:25 of 2nd period - Shot Misses the Net.
14:27 of 2nd period - Slapshot by Anton Volchenkov.
14:27 of 2nd period - Shot Misses the Net.
14:29 of 2nd period - Slapshot by Anton Volchenkov.
14:29 of 2nd period - Deflect By Keith Yandle.
14:29 of 2nd period - Stopped by Tuukka Rask without a rebound.
14:30 of 2nd period - Mikael Granlund wins face-off versus Tomas Kopecky in Kings zone.
15:10 of 2nd period - Minor Penalty to Mark Giordano for Interference.
15:11 of 2nd period - Tyler Seguin wins face-off versus Paul Gaustad in Penguins zone.
15:41 of 2nd period - Slapshot by Tyler Seguin.
15:41 of 2nd period - Stopped by Ryan Miller without a rebound.
15:42 of 2nd period - Paul Gaustad wins face-off versus Vladislav Namestnikov in Penguins zone.
17:08 of 2nd period - Anton Volchenkov is hit by Adam McQuaid and loses puck.
17:10 of 2nd period - Penalty to Mark Giordano is over, Mark Giordano is back on ice.
17:31 of 2nd period - Snap shot by Matt Cullen.
17:31 of 2nd period - Stopped by Ryan Miller with a rebound.
17:33 of 2nd period - Snap shot by Brenden Morrow.
17:33 of 2nd period - Shot Misses the Net.
18:08 of 2nd period - Milan Lucic is hit by Chris Butler and loses puck.
18:48 of 2nd period - Ladislav Smid is hit by Paul Gaustad and loses puck.
19:54 of 2nd period - Paul Gaustad is hit by Brenden Morrow and loses puck.
Goals for this period are 1 for Kings vs 1 for Penguins.
Shots for this period are 9 for Kings vs 8 for Penguins.

3rd period


0:01 of 3rd period - Mikael Granlund wins face-off versus Ryan Johansen in neutral zone.
0:15 of 3rd period - Snap shot by Tyler Seguin.
0:15 of 3rd period - Shot Misses the Net.
0:17 of 3rd period - Slapshot by Duncan Keith.
0:17 of 3rd period - Shot Misses the Net.
0:19 of 3rd period - Snap shot by Duncan Keith.
0:19 of 3rd period - Stopped by Ryan Miller without a rebound.
0:20 of 3rd period - Mikael Granlund wins face-off versus Ryan Malone in Penguins zone.
0:32 of 3rd period - Minor Penalty to Ryan Johansen for Hooking.
0:33 of 3rd period - Tyler Seguin wins face-off versus Mikael Granlund in Kings zone.
2:32 of 3rd period - Penalty to Ryan Johansen is over, Ryan Johansen is back on ice.
2:37 of 3rd period - Duncan Keith is hit by David Legwand and loses puck.
3:08 of 3rd period - Adam McQuaid is hit by Nail Yakupov.
3:47 of 3rd period - Snap shot by Matt Cullen.
3:47 of 3rd period - Stopped by Ryan Miller without a rebound.
3:48 of 3rd period - Nate Thompson wins face-off versus Vladislav Namestnikov in Penguins zone.
4:05 of 3rd period - Anton Volchenkov is hit by Adam McQuaid and loses puck.
4:30 of 3rd period - Chris Kelly is hit by Ryan Johansen and loses puck.
4:37 of 3rd period - Snap shot by Ryan Johansen.
4:37 of 3rd period - Shot Misses the Net.
4:39 of 3rd period - Slapshot by Adam McQuaid.
4:39 of 3rd period - Shot Misses the Net.
4:57 of 3rd period - Anton Volchenkov is hit by Matt Cullen and loses puck.
6:11 of 3rd period - Snap shot by Nathan MacKinnon.
6:11 of 3rd period - Deflect By Vladimir Tarasenko.
6:11 of 3rd period - Stopped by Tuukka Rask with a rebound.
6:13 of 3rd period - Slapshot by Mark Giordano.
6:13 of 3rd period - Shot Misses the Net.
6:15 of 3rd period - Slapshot by Dan Hamhuis.
6:15 of 3rd period - Deflect By Milan Lucic.
6:15 of 3rd period - Stopped by Tuukka Rask without a rebound.
6:16 of 3rd period - Brenden Morrow wins face-off versus Paul Gaustad in Kings zone.
6:30 of 3rd period - Slapshot by Elias Lindholm.
6:30 of 3rd period - Stopped by Tuukka Rask without a rebound.
6:31 of 3rd period - Paul Gaustad wins face-off versus Vladislav Namestnikov in Kings zone.
6:44 of 3rd period - Wrist shot by Nail Yakupov.
6:44 of 3rd period - Shot Misses the Net.
7:02 of 3rd period - Snap shot by Elias Lindholm.
7:02 of 3rd period - Shot Blocked by Keith Yandle.
7:24 of 3rd period - Tyler Seguin is hit by Dan Hamhuis and loses puck.
7:41 of 3rd period - Ryan Johansen is hit by Patrick Sharp and loses puck.
8:32 of 3rd period - Anton Volchenkov is hit by Mika Zibanejad and loses puck.
9:47 of 3rd period - Anton Volchenkov is hit by Ladislav Smid and loses puck.
10:25 of 3rd period - Slapshot by Tyler Seguin.
10:25 of 3rd period - Shot Blocked by Elias Lindholm.
10:47 of 3rd period - Snap shot by Carl Soderberg.
10:47 of 3rd period - Stopped by Ryan Miller with a rebound.
10:49 of 3rd period - Slapshot by Cam Fowler.
10:49 of 3rd period - Stopped by Ryan Miller without a rebound.
10:50 of 3rd period - Vladimir Tarasenko wins face-off versus Tomas Kopecky in Penguins zone.
11:50 of 3rd period - Snap shot by Ryan Johansen.
11:50 of 3rd period - Stopped by Ryan Miller without a rebound.
11:51 of 3rd period - Mikael Granlund wins face-off versus Ryan Johansen in Penguins zone.
12:09 of 3rd period - Snap shot by Mikael Granlund.
12:09 of 3rd period - Shot Misses the Net.
12:19 of 3rd period - Wrist shot by Patrick Sharp.
12:19 of 3rd period - Stopped by Tuukka Rask with a rebound.
12:39 of 3rd period - Ladislav Smid is hit by Patrick Sharp and loses puck.
12:53 of 3rd period - Slapshot by Duncan Keith.
12:53 of 3rd period - Stopped by Ryan Miller with a rebound.
13:01 of 3rd period - Adam McQuaid is hit by Elias Lindholm and loses puck.
13:39 of 3rd period - Dan Hamhuis is hit by Milan Lucic and loses puck.
13:45 of 3rd period - Off-side.
13:46 of 3rd period - David Legwand wins face-off versus Tyler Seguin in neutral zone.
13:49 of 3rd period - Wrist shot by Nathan MacKinnon.
13:49 of 3rd period - Stopped by Tuukka Rask without a rebound.
13:50 of 3rd period - David Legwand wins face-off versus Tyler Seguin in Kings zone.
13:53 of 3rd period - Wrist shot by Nathan MacKinnon.
13:53 of 3rd period - Shot Misses the Net.
14:20 of 3rd period - Vladimir Tarasenko is hit by Brenden Morrow and loses puck.
14:43 of 3rd period - Slapshot by Ryan Johansen.
14:43 of 3rd period - Shot Blocked by Dan Hamhuis.
14:48 of 3rd period - Minor Penalty to Adam McQuaid for Delaying the game.
14:49 of 3rd period - Tyler Seguin wins face-off versus Mikael Granlund in Kings zone.
15:33 of 3rd period - Slapshot by David Legwand.
15:33 of 3rd period - Stopped by Tuukka Rask without a rebound.
15:34 of 3rd period - Ryan Johansen wins face-off versus David Legwand in Kings zone.
15:59 of 3rd period - Snap shot by Vladimir Tarasenko.
15:59 of 3rd period - Stopped by Tuukka Rask with a rebound.
16:21 of 3rd period - Cam Fowler is hit by Dan Hamhuis.
16:27 of 3rd period - Slapshot by Tyler Seguin.
16:27 of 3rd period - Shot Misses the Net.
16:48 of 3rd period - Penalty to Adam McQuaid is over, Adam McQuaid is back on ice.
16:50 of 3rd period - Adam McQuaid is hit by Mikael Granlund and loses puck.
17:01 of 3rd period - Slapshot by Carl Soderberg.
17:01 of 3rd period - Stopped by Ryan Miller with a rebound.
17:03 of 3rd period - Slapshot by Adam McQuaid.
17:03 of 3rd period - Stopped by Ryan Miller with a rebound.
17:05 of 3rd period - Slapshot by Duncan Keith.
17:05 of 3rd period - Deflect By Cody Ceci.
17:05 of 3rd period - Stopped by Ryan Miller with a rebound.
17:07 of 3rd period - Slapshot by Duncan Keith.
17:07 of 3rd period - Shot Misses the Net.
17:09 of 3rd period - Slapshot by Adam McQuaid.
17:09 of 3rd period - Shot Blocked by Patrick Sharp.
18:00 of 3rd period - Wrist shot by Elias Lindholm.
18:00 of 3rd period - Stopped by Tuukka Rask without a rebound.
18:01 of 3rd period - Tomas Kopecky wins face-off versus Nate Thompson in Kings zone.
18:20 of 3rd period - Off-side.
18:21 of 3rd period - Carl Soderberg wins face-off versus Nate Thompson in neutral zone.
18:47 of 3rd period - Marcus Foligno is hit by Milan Lucic and loses puck.
19:02 of 3rd period - Slapshot by Mark Giordano.
19:02 of 3rd period - Shot Misses the Net.
19:04 of 3rd period - Snap shot by Elias Lindholm.
19:04 of 3rd period - Shot Blocked by Cam Fowler.
19:43 of 3rd period - Tomas Kopecky is hit by Jarome Iginla and loses puck.
Goals for this period are 0 for Kings vs 0 for Penguins.
Shots for this period are 9 for Kings vs 8 for Penguins.

Overtime #1


0:01 of 1st overtime period - Tyler Seguin wins face-off versus Mikael Granlund in neutral zone.
0:10 of 1st overtime period - Slapshot by Tyler Seguin.
0:10 of 1st overtime period - Shot Misses the Net.
0:12 of 1st overtime period - Snap shot by Tyler Seguin.
0:12 of 1st overtime period - Stopped by Ryan Miller without a rebound.
0:13 of 1st overtime period - Tyler Seguin wins face-off versus Mikael Granlund in Penguins zone.
0:26 of 1st overtime period - Snap shot by Tyler Seguin.
0:26 of 1st overtime period - Stopped by Ryan Miller without a rebound.
0:27 of 1st overtime period - Tyler Seguin wins face-off versus Mikael Granlund in Penguins zone.
1:42 of 1st overtime period - Wrist shot by Mika Zibanejad.
1:42 of 1st overtime period - Deflect By Anton Volchenkov.
1:42 of 1st overtime period - Shot Blocked by Patrick Sharp.
1:42 of 1st overtime period - Puck is out of play.
1:43 of 1st overtime period - Tyler Seguin wins face-off versus Mikael Granlund in Penguins zone.
2:45 of 1st overtime period - Dan Hamhuis is hit by Ladislav Smid and loses puck.
4:27 of 1st overtime period - Slapshot by Christian Ehrhoff.
4:27 of 1st overtime period - Deflect By Marcus Foligno.
4:27 of 1st overtime period - Shot Misses the Net.
4:27 of 1st overtime period - Puck is out of play.
4:28 of 1st overtime period - Marcus Foligno wins face-off versus Milan Lucic in Kings zone.
Goals for this period are 0 for Kings vs 0 for Penguins.
Shots for this period are 2 for Kings vs 0 for Penguins.

ShootOut


5:00 of 1st overtime period - Penalty Shot by Tyler Seguin for Kings.
5:00 of 1st overtime period - Deke by Tyler Seguin.
5:00 of 1st overtime period - Shot Misses the Net.
5:00 of 1st overtime period - Penalty Shot by Patrick Sharp for Penguins.
5:00 of 1st overtime period - Snap shot by Patrick Sharp.
5:00 of 1st overtime period - Stopped by Tuukka Rask.
5:00 of 1st overtime period - Penalty Shot by Vladislav Namestnikov for Kings.
5:00 of 1st overtime period - Snap shot by Vladislav Namestnikov.
5:00 of 1st overtime period - Stopped by Ryan Miller.
5:00 of 1st overtime period - Penalty Shot by Jarome Iginla for Penguins.
5:00 of 1st overtime period - Backhand shot by Jarome Iginla.
5:00 of 1st overtime period - Stopped by Tuukka Rask.
5:00 of 1st overtime period - Penalty Shot by Ryan Johansen for Kings.
5:00 of 1st overtime period - Backhand shot by Ryan Johansen.
5:00 of 1st overtime period - Stopped by Ryan Miller.
5:00 of 1st overtime period - Penalty Shot by Nathan MacKinnon for Penguins.
5:00 of 1st overtime period - Wrist shot by Nathan MacKinnon.
5:00 of 1st overtime period - Shot Misses the Net.
5:00 of 1st overtime period - Penalty Shot by Milan Lucic for Kings.
5:00 of 1st overtime period - Deke by Milan Lucic.
5:00 of 1st overtime period - Goal by Milan Lucic.
5:00 of 1st overtime period - Penalty Shot by Vladimir Tarasenko for Penguins.
5:00 of 1st overtime period - Backhand shot by Vladimir Tarasenko.
5:00 of 1st overtime period - Stopped by Tuukka Rask.


Output by the SimonT Hockey Simulator (STHS) for Eric Dolegowski -- Original Page W3C XHTML 1.0 Valid
Hockey Simulator - Hockey Simulation - Hockey Manager